 Dungeon Sprint DCSS version 0.21.1-1-g345015fe64 (webtiles) character file.

19146 Groucho the Ninja (level 12, 63/63 HPs)
             Began as a Felid Berserker on Feb 18, 2018.
             Was the Champion of Trog.
             Got out of the dungeon alive.
             The game lasted 00:16:21 (3978 turns).

Groucho the Ninja (Felid Berserker)                 Turns: 3978, Time: 00:16:21

Health: 63/63      AC:  3    Str: 13    XL:     12   Next: 34%
Magic:  13/13      EV: 38    Int:  9    God:    Trog [******]
Gold:   1548       SH:  0    Dex: 20    Spells: 11/11 levels left
                                        Lives:  2   Deaths: 0

rFire    + . .     SeeInvis +     - Unarmed
rCold    + . .     Gourm    .   (shield unavailable)
rNeg     . . .     Faith    .   (armour unavailable)
rPois    .         Spirit   .   (helmet unavailable)
rElec    .         Reflect  .   (cloak unavailable)
rCorr    .         Harm     .   (gloves unavailable)
MR       +....     NoTele   +   (boots unavailable)
Stlth    +++++++++.             (no amulet)
HPRegen  0.20/turn              n - +4 ring of evasion
MPRegen  0.13/turn              j - ring of protection from fire

@: quick
A: very small, no armour, no weapons or thrown items, stealth, claws 1, fangs 3,
see invisible, carnivore, speed 1, shaggy fur 3, slow metabolism 1, sharp paws
a: Berserk, Trog's Hand, Brothers in Arms, Burn Spellbooks, Renounce Religion


You escaped.
You worshipped Trog.
Trog was exalted by your worship.
You were full.

You visited 1 branch You collected 3225 gold pieces.
You spent 1677 gold pieces at shops.

Inventory:

Jewellery
 c - an uncursed ring of poison resistance
 j - a ring of protection from fire (right paw)
 k - an uncursed ring of flight
 n - a +4 ring of evasion (left paw)
 p - a cursed ring of loudness {unknown}
 q - an uncursed ring of resist corrosion {unknown}
 r - an uncursed ring of resist corrosion {unknown}
 s - an uncursed amulet of the gourmand {unknown}
Wands
 l - a wand of disintegration (9)
Scrolls
 a - 2 scrolls of remove curse
 h - a scroll of amnesia
 i - 9 scrolls of identify
 m - a scroll of fog
 o - a scroll of random uselessness {unknown}
 w - a scroll of fear {unknown}
Potions
 b - 4 potions of curing
 d - 2 potions of haste
 e - 2 potions of magic
 f - 2 potions of berserk rage
 g - 2 potions of mutation {unknown}
 t - a potion of agility
 u - a potion of flight {unknown}
 x - a potion of might
Comestibles
 v - a ration


   Skills:
 + Level 13.6 Fighting
 + Level 17.0 Dodging
 O Level 27 Stealth
 + Level 13.6 Unarmed Combat


You had 11 spell levels left.
You didn't know any spells.

Dungeon Overview and Level Annotations

Branches:
Dungeon (1/1)

Altars:
Cheibriados
Dithmenos
Elyvilon
Fedhas
Gozag
Hepliaklqana
Kikubaaqudgha
Makhleb
Nemelex Xobeh
Okawaru
Qazlal
Ru
Sif Muna
Trog
Uskayaw
Vehumet
Wu Jian
Xom
Yredelemnul
Zin
The Shining One
Jiyva
Lugonu

Shops:
D ?[=[*:[(**[%*}%(?:=[?[

Annotations:
D Tiamat


Innate Abilities, Weirdness & Mutations

You cannot wear armour.
You are incapable of wielding weapons or throwing items.
Your paws allow you to move quietly. (Stealth)
You have sharp claws.
You have razor-sharp teeth.
You have supernaturally acute eyesight. (SInv)
You are carnivorous and can eat meat at any time.
You cover ground quickly.
Your thick and shaggy fur keeps you warm. (AC +3, rC+)
You have a slow metabolism.
Your sharp claws are effective at attacking unaware monsters.


Message History

There is an open door here.
There is an open door here.
There is an open door here.
Things that are here:
a scythe of venom; a robe
There is an open door here.
You see here a giant club.
There is an open door here.
You see here a scale mail.
There is an open door here.
Put on which piece of jewellery? (? for menu, Esc to quit)
Okay, then.
There is a staircase leading out of the dungeon here.
You can't go down here!
Are you sure you want to leave the Dungeon?
This will make you lose the game!
Alright, then stay!
Unknown command.
Unknown command.
Are you sure you want to leave the Dungeon?
This will make you lose the game!
You have escaped!

##################
#@.#.['..#.)'..#__
#..'..#.)'..#..'..
#..#####'#####'#__
#..####..#...#.###
#..#__####..##.#≈§
#..#_____##'#_.§§§
#⌠⌠#_.∩...'...§#≈§
####_..__##_.#§##+
#_____###'#.#([


There were no monsters in sight!

Vanquished Creatures
  A hydra (D)
  2 centaur warriors (D)
  Sonja (D)
  7 unseen horrors (D)
  A lindwurm (D)
  A deep troll (D)
  An oklob plant (D)
  2 kobold demonologists (D)
  4 demonic crawlers (D)
  A hornet (D)
  Sigmund (D)
  2 redbacks (D)
  A yak (D)
  13 hogs (D)
  3 floating eyes (D)
  An ogre (D)
  7 necrophages (D)
  8 jellies (D)
  Ijyb (D)
  3 ballistomycetes (D)
61 creatures vanquished.

Vanquished Creatures (collateral kills)
  A golden dragon (D)
  A shadow dragon (D)
  4 fire giants (D)
  8 shining eyes (D)
  A slime creature (D)
  4 floating eyes (D)
19 creatures vanquished.

Vanquished Creatures (others)
  A gargoyle (D)
  2 ballistomycete spores (D)
3 creatures vanquished.

Grand Total: 83 creatures vanquished

Notes
Turn   | Place    | Note
-------+----------+-------------------------------------------
     0 | D        | Groucho the Felid Berserker began the quest for the Orb.
     0 | D        | Reached XP level 1. HP: 10/10 MP: 2/2
     2 | D        | Noticed Ijyb
     9 | D        | Killed Ijyb
     9 | D        | Reached skill level 8 in Stealth
     9 | D        | Reached XP level 2. HP: 14/14 MP: 3/3
   245 | D        | Noticed an ogre
   247 | D        | Killed an ogre
   247 | D        | Reached skill level 12 in Stealth
   247 | D        | Reached XP level 3. HP: 17/17 MP: 4/4
   247 | D        | Reached XP level 4. HP: 21/21 MP: 5/5
   260 | D        | Noticed Sigmund
   267 | D        | Killed Sigmund
   267 | D        | Reached ** piety under Trog
   267 | D        | Reached skill level 16 in Stealth
   267 | D        | Reached XP level 5. HP: 24/24 MP: 6/6
   267 | D        | Gained mutation: You are covered in thick fur. (AC +2) [Felid growth]
   267 | D        | Reached XP level 6. HP: 28/28 MP: 7/7
   332 | D        | Found a burning altar of Makhleb.
   332 | D        | Found a viscous altar of Jiyva.
   332 | D        | Found a shimmering altar of Xom.
   332 | D        | Found a corrupted altar of Lugonu.
   332 | D        | Noticed a slime creature
   536 | D        | Found an ornate altar of the Wu Jian Council.
   536 | D        | Found a deep blue altar of Sif Muna.
   538 | D        | Found a radiant altar of Vehumet.
   544 | D        | Found Hianwage's Armour Emporium.
   544 | D        | Found an ancient bone altar of Kikubaaqudgha.
   544 | D        | Found a hazy altar of Hepliaklqana.
   544 | D        | Found a stormy altar of Qazlal.
   544 | D        | Found a hide-covered altar of Uskayaw.
   544 | D        | Found a blossoming altar of Fedhas.
   544 | D        | Found a bloodstained altar of Trog.
   544 | D        | Found an iron altar of Okawaru.
   544 | D        | Found a basalt altar of Yredelemnul.
   544 | D        | Found a glowing golden altar of the Shining One.
   544 | D        | Found a snail-covered altar of Cheibriados.
   544 | D        | Found a sacrificial altar of Ru.
   544 | D        | Found a glowing silver altar of Zin.
   544 | D        | Found a shadowy altar of Dithmenos.
   544 | D        | Found a white marble altar of Elyvilon.
   544 | D        | Noticed a yak
   545 | D        | Found an opulent altar of Gozag.
   546 | D        | Killed a yak
   546 | D        | Reached skill level 18 in Stealth
   547 | D        | Found a sparkling altar of Nemelex Xobeh.
   574 | D        | Noticed Sonja
   578 | D        | Killed Sonja
   578 | D        | Reached *** piety under Trog
   578 | D        | Reached skill level 21 in Stealth
   578 | D        | Reached XP level 7. HP: 31/31 MP: 8/8
   578 | D        | Reached XP level 8. HP: 34/34 MP: 9/9
   638 | D        | Noticed a centaur warrior
   638 | D        | Noticed a centaur warrior
   639 | D        | Killed a centaur warrior
   639 | D        | Reached skill level 23 in Stealth
   640 | D        | Killed a centaur warrior
   640 | D        | Reached skill level 25 in Stealth
   640 | D        | Reached XP level 9. HP: 37/37 MP: 10/10
   661 | D        | Noticed an oklob plant
   663 | D        | Killed an oklob plant
   663 | D        | Reached **** piety under Trog
   679 | D        | Reached skill level 5 in Fighting
   679 | D        | Reached skill level 5 in Unarmed Combat
   750 | D        | Noticed an unseen horror
   750 | D        | Noticed an unseen horror
   756 | D        | Killed an unseen horror
   758 | D        | Killed an unseen horror
   758 | D        | Reached XP level 10. HP: 46/46 MP: 11/11
   762 | D        | Reached ***** piety under Trog
   833 | D        | Reached skill level 26 in Stealth
   856 | D        | Reached ****** piety under Trog
  1195 | D        | Found Raiqu's Weapon Shoppe.
  1195 | D        | Found Beduj's Armour Shop.
  1195 | D        | Found Puwn's Assorted Antiques.
  1197 | D        | Found Oleffoqo's General Store.
  1197 | D        | Found Tubrulo's Armour Shop.
  1197 | D        | Found Kesaass's Food Shoppe.
  1197 | D        | Found Ewuered's Assorted Antiques.
  1197 | D        | Found Tiwker's Gadget Emporium.
  1197 | D        | Found Nufowk's Food Shop.
  1197 | D        | Found Ethryla's Antique Weapon Shoppe.
  1201 | D        | Found Zushritu's Magic Scroll Boutique.
  1202 | D        | Found Sysesopu's Jewellery Emporium.
  1202 | D        | Found Wida Laure's Book Boutique.
  1203 | D        | Found Kantef's Magic Scroll Emporium.
  1219 | D        | Bought a ration for 65 gold pieces
  1221 | D        | Bought a twisted agate ring for 115 gold pieces
  1264 | D        | Noticed a deep troll
  1266 | D        | Killed a deep troll
  1266 | D        | Reached skill level 10 in Dodging
  1278 | D        | Found Looda's Armour Emporium.
  1321 | D        | Killed a gargoyle
  1367 | D        | Found Paeclihu's Magic Scroll Boutique.
  1375 | D        | Bought 3 scrolls of identify for 66 gold pieces
  1375 | D        | Bought a scroll of identify for 22 gold pieces
  1375 | D        | Bought a scroll of identify for 22 gold pieces
  1375 | D        | Bought a scroll of remove curse for 33 gold pieces
  1375 | D        | Bought a scroll of identify for 22 gold pieces
  1375 | D        | Bought a scroll of fog for 22 gold pieces
  1750 | D        | Bought a ration for 65 gold pieces
  1755 | D        | Bought a ration for 70 gold pieces
  1757 | D        | Bought a +4 ring of evasion for 504 gold pieces
  2010 | D        | Noticed a lindwurm
  2012 | D        | Killed a lindwurm
  2222 | D        | Reached XP level 11. HP: 51/51 MP: 12/12
  2270 | D        | Reached skill level 27 in Stealth
  2273 | D        | Reached skill level 10 in Fighting
  2273 | D        | Reached skill level 10 in Unarmed Combat
  2445 | D        | Noticed a 12-headed hydra
  2447 | D        | Killed a 12-headed hydra
  2575 | D        | Bought an uncursed ring of protection from fire for 350 gold pieces
  2728 | D        | Noticed a shadow dragon
  2728 | D        | Noticed a golden dragon
  2739 | D        | Killed a shadow dragon
  2739 | D        | Killed a golden dragon
  2824 | D        | Found Kuown's Armour Shoppe.
  2928 | D        | Noticed a daeva
  2932 | D        | Noticed an unseen horror
  2932 | D        | Noticed an unseen horror
  2932 | D        | Noticed an unseen horror
  2932 | D        | Noticed an unseen horror
  2934 | D        | Killed an unseen horror
  2935 | D        | Noticed an unseen horror
  2936 | D        | Killed an unseen horror
  2937 | D        | Killed an unseen horror
  2937 | D        | Reached skill level 15 in Dodging
  2939 | D        | Killed an unseen horror
  2941 | D        | Killed an unseen horror
  2951 | D        | Noticed a fire giant
  2954 | D        | Noticed a fire giant
  2955 | D        | Noticed a fire giant
  2956 | D        | Noticed a fire giant
  2962 | D        | Killed a fire giant
  2962 | D        | Gained mutation: Your thick and shaggy fur keeps you warm. (AC +3, rC+) [Felid growth]
  2962 | D        | Reached XP level 12. HP: 59/59 MP: 13/13
  2964 | D        | Killed a fire giant
  2966 | D        | Killed a fire giant
  2969 | D        | Killed a fire giant
  3005 | D        | Noticed Tiamat
  3062 | D        | HP: 2/61 [daeva/divine providence (8)]
  3577 | D        | Paralysed by a floating eye for 4 turns
  3597 | D        | Found Qocadiz's General Store.
  3597 | D        | Found Koxt's Armour Shoppe.
  3597 | D        | Found Hyoronko's Book Boutique.
  3597 | D        | Found Omytonk's Jewellery Emporium.
  3612 | D        | Bought an uncursed ring of poison resistance for 200 gold pieces
  3621 | D        | Bought a potion of curing for 33 gold pieces
  3621 | D        | Bought a potion of agility for 44 gold pieces
  3621 | D        | Bought a potion of might for 44 gold pieces
  3978 | D        | Got out of the dungeon alive.

Skill      XL: |  1  2  3  4  5  6  7  8  9 10 11 12 |
---------------+-------------------------------------+-----
Stealth        | 8 12 16 21 25 26 27 | 27.0
Fighting       | 6 9 12 13 | 13.6
Dodging        | 8 11 15 17 | 17.0
Unarmed Combat | 6 9 12 13 | 13.6

Action                   |  1- 3 |  4- 6 |  7- 9 | 10-12 || total
-------------------------+-------+-------+-------+-------++-------
Melee: Unarmed           |     6 |     8 |    16 |   111 ||   141
       Punch             |       |     1 |       |     2 ||     3
       Bite              |       |       |     1 |    10 ||    11
Invok: Berserk           |     1 |     1 |     1 |     4 ||     7
       Brothers in Arms  |       |       |       |    12 ||    12
       Trog's Hand       |       |       |       |     2 ||     2
  Use: Scroll            |       |       |     1 |     2 ||     3
       Potion            |       |       |       |     1 ||     1
 Stab: Sleeping          |     2 |     3 |     7 |    24 ||    36
  Eat: Chunk             |     2 |       |       |    12 ||    14
       Ration            |       |       |       |     4 ||     4
Dodge: Dodged            |     3 |     3 |     8 |    76 ||    90
